 Dungeon Crawl Stone Soup version 0.31.0-1-g2c135a008e (webtiles) character file.

Game seed: 1285085807671078885

291 qw the Shooter (level 6, -2/46 HPs)
             Began as a Djinni Hunter on Jan 23, 2024.
             Slain by a gnoll
             ... wielding a +0 halberd
              (10 damage)
             ... on level 3 of the Dungeon.
             The game lasted 00:00:06 (1768 turns).

qw the Shooter (Djinni Hunter)                      Turns: 1768, Time: 00:00:06

Health: -2/46      AC:  5    Str: 10    XL:     6   Next: 58%
Gold:   190        EV: 11    Int: 10    God:
                   SH:  0    Dex: 19

rFire   + + .        a - +1 shortbow (heavy)
rCold   x . .        (shield currently unavailable)
rNeg    . . .        k - +0 ring mail
rPois   inf          (no helmet)
rElec   .            (no cloak)
rCorr   .            (no gloves)
SInv    .            (boots unavailable)
Will    .....        (no amulet)
Stlth   +            (no ring)
HPRegen 0.27/turn    (no ring)
MPRegen 0.00/turn

%: infuse magic (-3 HP)
@: flying
A: sickness immunity, fire resistance 2, cold vulnerability 1, float, innate
caster, HP casting, extra vitality 1, claws 1, MP-powered wands
a: no special abilities


You were on level 3 of the Dungeon.
You visited 1 branch of the dungeon, and saw 4 of its levels.

You collected 190 gold pieces.


Innate Abilities, Weirdness & Mutations

You are immune to sickness and miasma.
You are immune to poison.
Your flesh is very heat resistant. (rF++)
You are vulnerable to cold. (rC-)
You float through the air rather than walking.
You learn spells naturally, not from books.
Your magical power is your life essence.
You have superior vitality. (+4 MHP)
You have sharp fingernails.
You expend health (3 HP) to strengthen your wands.


   Skills:
 + Level 3.4 Fighting
 - Level 5.2 Ranged Weapons
 - Level 1.0 Armour
 - Level 3.0 Dodging
 - Level 0.7 Stealth


You knew the following spells:

 Your Spells              Type           Power      Damage    Failure   Level
a - Necrotise             Necr           0%         1d4       67%         1
b - Jinxbite              Hex            0%         N/A       82%         2
Your spell library was empty.

Inventory:

Hand Weapons
 a - a +1 heavy shortbow (weapon)
Armour
 k - a +0 ring mail (worn)
Potions
 d - a potion of enlightenment {unknown}
 i - 3 potions of haste {unknown}
 j - a potion of attraction {unknown}
 l - a potion of might

Dungeon Overview and Level Annotations

Branches:
Dungeon (4/15)
 Temple: D:4-7

Altars:

Annotations:
D:3 1 runed translucent door, Crazy Yiuf


Message History

You shoot an arrow. The arrow hits the ribbon worm!
You kill the ribbon worm!
i - 3 coppery potions (gained 2)
A gnoll comes into view. It is wielding a +0 halberd.
The gnoll shouts!
You shoot an arrow. The arrow hits the gnoll!
You kill the gnoll!
A gnoll comes into view. It is wielding a +0 flail.
Your Dodging skill increases to level 3!
You shoot an arrow. The arrow completely misses the gnoll.
The gnoll shouts!
You shoot an arrow. The arrow hits the gnoll!!
You kill the gnoll!
A gnoll comes into view. It is wielding a +0 flail.
The gnoll shouts!
You shoot an arrow. The arrow hits the gnoll!
The gnoll is heavily wounded.
A gnoll comes into view. It is wielding a +0 halberd.
You shoot an arrow. The gnoll shouts!
The arrow hits the gnoll!
You kill the gnoll!
You shoot an arrow. The arrow hits the gnoll!
The gnoll is severely wounded.
You shoot an arrow. The arrow closely misses the gnoll.
The gnoll hits you from afar with a +0 halberd.
You shoot an arrow. The arrow hits the gnoll.
The gnoll is almost dead.
The gnoll misses you. The gnoll closely misses you.
You shoot an arrow. The arrow closely misses the gnoll.
The gnoll hits you from afar with a +0 halberd!
You shoot an arrow. The arrow closely misses the gnoll.
The gnoll barely misses you.
The gnoll hits you from afar with a +0 halberd!
You shoot an arrow. The arrow closely misses the gnoll.
The gnoll hits you from afar with a +0 halberd!
The gnoll barely misses you.
You shoot an arrow. The arrow closely misses the gnoll.
The gnoll hits you from afar with a +0 halberd! x2
You die...

#############
######
#....@.g))...
......
#.###########
###### #.# .
#.####### ##
#####.......# #
#......#.#...# #
#........#...# #
#........#...#.##.
#
###......#...#.#.
#


You could see a gnoll.

Vanquished Creatures
  Sigmund (D:3)
  An iguana (D:3)
  3 gnolls (D:3)
  An adder (D:2)
  2 ribbon worms
  3 dart slugs
  5 orcs (D:2)
  4 endoplasms
  3 giant cockroaches
  4 goblins
  5 hobgoblins
  4 jackals (D:2)
  4 kobolds
  5 quokkas
  5 ball pythons
  6 bats
  2 frilled lizards
  A rat (D:1)
59 creatures vanquished.

Notes
Turn   | Place    | Note
-------+----------+-------------------------------------------
     0 | D:1      | qw the Djinni Hunter began the quest for the Orb.
     0 | D:1      | Reached XP level 1. HP: 18/18 MP: 0/0
     0 | D:1      | 0 ||| qw: Version: 0.3-a-135-gb77e89d
     0 | D:1      | 0 ||| qw: Game counter: 839
     0 | D:1      | 0 ||| qw: Melee chars always use a shield: true
     0 | D:1      | 0 ||| qw: God list: Okawaru
     0 | D:1      | 0 ||| qw: Allow faded altars: false
     0 | D:1      | 0 ||| qw: Do Orc after clearing Dungeon:15 true
     0 | D:1      | 0 ||| qw: Do second Lair branch before Depths: true
     0 | D:1      | 0 ||| qw: Lair rune preference: random
     0 | D:1      | 0 ||| qw: Goals: Normal
     0 | D:1      | 0 ||| PLANNING D:1-11
   108 | D:1      | Reached XP level 2. HP: 23/23 MP: 0/0
   231 | D:1      | Found a faded altar of an unknown god.
   488 | D:1      | 488 ||| UPGRADING to +0 ring mail.
   498 | D:1      | 498 ||| DROPPING +0 leather armour.
   499 | D:1      | 499 ||| READING scroll labelled ZARCHO PAIZI.
   499 | D:1      | 499 ||| BRANDING +0 shortbow.
   500 | D:1      | 500 ||| READING 2 scrolls labelled COABISHRARA.
   500 | D:1      | 500 ||| IDENTIFYING red potion
   501 | D:1      | 501 ||| READING scroll of identify.
   501 | D:1      | 501 ||| IDENTIFYING black potion
   502 | D:1      | 502 ||| READING scroll labelled WUZENU KEAPSESCH.
   503 | D:1      | 503 ||| DRINKING 2 blue potions.
   504 | D:1      | 504 ||| DROPPING scroll of butterflies.
   505 | D:1      | 505 ||| DROPPING potion of brilliance.
   524 | D:2      | 524 ||| STAIRDANCE
   531 | D:2      | Reached skill level 4 in Ranged Weapons
   531 | D:2      | Reached XP level 3. HP: 25/28 MP: 0/0
   531 | D:2      | Learned a level 1 spell: Necrotise
   532 | D:2      | 532 ||| STAIRDANCE
   551 | D:2      | Reached skill level 1 in Armour
   615 | D:2      | HP: 7/29 [orc/+0 club (2)]
   616 | D:2      | 616 ||| DRINKING potion of heal wounds.
   658 | D:2      | You are sucked into a shaft and drop 2 floors!
   728 | D:3      | Reached XP level 4. HP: 30/34 MP: 0/0
   772 | D:3      | Reached skill level 3 in Fighting
   790 | D:3      | Noticed Sigmund
   794 | D:3      | Killed Sigmund
   795 | D:3      | Reached skill level 5 in Ranged Weapons
   795 | D:3      | Reached XP level 5. HP: 40/40 MP: 0/0
   795 | D:3      | Learned a level 2 spell: Jinxbite
   795 | D:3      | Reached XP level 6. HP: 46/46 MP: 0/0
   894 | D:3      | Found a runed translucent door.
   895 | D:3      | Noticed Crazy Yiuf
  1612 | D:2      | 1612 ||| READING scroll of identify.
  1612 | D:2      | 1612 ||| IDENTIFYING orange potion
  1613 | D:2      | 1613 ||| DRINKING potion of mutation.
  1613 | D:2      | Gained mutation: You have sharp fingernails. [potion of
                  | mutation]
  1613 | D:2      | Gained mutation: You expend health (3 HP) to strengthen
                  | your wands. [potion of mutation]
  1614 | D:2      | 1614 ||| READING scroll labelled KIOXAE REEL.
  1614 | D:2      | 1614 ||| ENCHANTING +0 heavy shortbow.
  1615 | D:2      | 1615 ||| READING scroll labelled HIS ZOZEIKADD.
  1615 | D:2      | 1615 ||| ENCHANTING +0 heavy shortbow.
  1616 | D:2      | 1616 ||| DRINKING 2 smoky blue potions.
  1720 | D:2      | 1720 ||| DROPPING potion of berserk rage.
  1756 | D:3      | Reached skill level 3 in Dodging
  1768 | D:3      | HP: 8/46 [gnoll/+0 halberd (8)]
  1768 | D:3      | Slain by a gnoll

Levels and vault maps discovered:
D:1:      minmay_arrival_loop, layout_basic, shapermc_ecumenical_altar_acropolis
D:2:      layout_basic
D:3:      layout_basic, nicolae_twisty_statue_hallways, uniq_sigmund,
          uniq_crazy_yiuf_cottage
D:4:      nicolae_cairo_tiling_large_dashed, layout_basic,
          mainiacjoe_overflow_24_doors

Skill      XL: |  1  2  3  4  5  6 |
---------------+-------------------+-----
Ranged Weapons | 4 5 |  5.2
Armour         | 1 |  1.0
Fighting       | 3 |  3.4
Dodging        | 3 |  3.0
Stealth        | |  0.7

Action                     |  1- 3 |  4- 6 || total
---------------------------+-------+-------++-------
   Fire: Shortbow          |    73 |    69 ||   142
    Use: Scroll            |     4 |     3 ||     7
         Potion            |     2 |     2 ||     4
 Armour: Ring mail         |    33 |    35 ||    68
         Leather armour    |     1 |       ||     1
  Dodge: Dodged            |    30 |    49 ||    79

Table legend:
 A = Non-vault XP
 B = Vault XP
 C = Vault XP percentage of total XP
 D = Non-vault monster count
 E = Vault monster count
 F = Vault count percentage of total count
                 A         B        C        D         E       F
            +---------+---------+-------+---------+---------+-------
      Total |     202 |     214 |  51.4 |      58 |       1 |   1.7
            +---------+---------+-------+---------+---------+-------
        D:1 |      28 |       0 |   0.0 |      16 |       0 |   0.0
        D:2 |      77 |       0 |   0.0 |      29 |       0 |   0.0
        D:3 |      95 |     214 |  69.3 |      12 |       1 |   7.7
        D:4 |       2 |       0 |   0.0 |       1 |       0 |   0.0
            +---------+---------+-------+---------+---------+-------
